| TOP OF THE 1ST |
|
Pulaski Yankees batting - Pitching for Great Falls Voyagers : RHP Brent White
|
|
Pitching: RHP Brent White
|
|
|
Batting: LHB Joel Vera
|
0-0: Called Strike 0-1: Foul Ball, location: 2F 0-2: Ball 1-2: Fly out, F7 (Line Drive, 7, EV 87.5 MPH)
|
|
Batting: LHB Dan Morris
|
0-0: Ball 1-0: Called Strike 1-1: Foul Ball, location: 2F 1-2: Fly out, F8 (Flyball, 78S, EV 93.8 MPH)
|
|
Batting: RHB Bobby Melillo
|
0-0: Foul Ball, location: 2F 0-1: Ball 1-1: Foul Ball, location: 2F 1-2: Ground out 5-3 (Groundball, 56, EV 93.1 MPH)
|
| Top of the 1st over - 0 runs, 0 hits, 0 errors, 0 left on base; Pulaski 0 - Great Falls 0 |
| BOTTOM OF THE 1ST |
|
Great Falls Voyagers batting - Pitching for Pulaski Yankees : LHP Arturo Eli
|
|
Pitching: LHP Arturo Eli
|
|
|
Batting: RHB Josh Newby
|
0-0: Ground out 4-3 (Groundball, 34, EV 110.0 MPH)
|
|
Batting: RHB Andy Cotton
|
0-0: Ball 1-0: Ball 2-0: Foul Ball, location: 2F 2-1: Ball 3-1: Foul Ball, location: 2F 3-2: Base on Balls
|
|
Batting: RHB Vic Lucatero
|
0-0: Called Strike 0-1: Ball 1-1: Ball 2-1: Called Strike 2-2: Grounds into double play, 3-6-3 (Groundball, 34S, EV 79.4 MPH)
|
| Bottom of the 1st over - 0 runs, 0 hits, 0 errors, 0 left on base; Pulaski 0 - Great Falls 0 |
| TOP OF THE 2ND |
|
Pulaski Yankees batting - Pitching for Great Falls Voyagers : RHP Brent White
|
|
Batting: RHB Mike Gifford
|
0-0: Ball 1-0: Swinging Strike 1-1: Swinging Strike 1-2: Strikes out swinging
|
|
Batting: RHB Seth Rutz
|
0-0: Called Strike 0-1: Foul Ball, location: 2F 0-2: Ball 1-2: Ball 2-2: Ball 3-2: Foul Ball, location: 2F 3-2: Strikes out swinging
|
|
Batting: SHB Victor Ruiz
|
0-0: Swinging Strike 0-1: Called Strike 0-2: Ground out 4-3 (Groundball, 4, EV 76.3 MPH)
|
| Top of the 2nd over - 0 runs, 0 hits, 0 errors, 0 left on base; Pulaski 0 - Great Falls 0 |
| BOTTOM OF THE 2ND |
|
Great Falls Voyagers batting - Pitching for Pulaski Yankees : LHP Arturo Eli
|
|
Batting: LHB Carlos Ramirez
|
0-0: Foul Ball, location: 2F 0-1: Called Strike 0-2: Ball 1-2: Strikes out swinging
|
|
Batting: LHB Jose Duran
|
0-0: Called Strike 0-1: Foul Ball, location: 2F 0-2: SINGLE (Groundball, 4MD, EV 106.9 MPH)
|
|
Batting: RHB Tommy Ellington
|
0-0: Ball 1-0: Called Strike 1-1: SINGLE (Groundball, 4MD, EV 98.1 MPH) Jose Duran to second
|
|
Batting: SHB Matt Childers
|
0-0: Grounds into double play, 5-4-3 (Groundball, 56, EV 87.5 MPH)
|
| Bottom of the 2nd over - 0 runs, 2 hits, 0 errors, 1 left on base; Pulaski 0 - Great Falls 0 |
| TOP OF THE 3RD |
|
Pulaski Yankees batting - Pitching for Great Falls Voyagers : RHP Brent White
|
|
Batting: RHB Johannes Gutermuth
|
0-0: Foul Ball, location: 2F 0-1: Ground out 4-3 (Groundball, 4, EV 88.1 MPH)
|
|
Batting: SHB Joe Fure
|
0-0: Ball 1-0: Foul Ball, location: 2F 1-1: Ground out 5-3 (Groundball, 56, EV 85.0 MPH)
|
|
Batting: RHB Roberto Tena
|
0-0: Foul Ball, location: 2F 0-1: Swinging Strike 0-2: Ball 1-2: Foul Ball, location: 2F 1-2: Ground out 5-3 (Groundball, 56, EV 81.9 MPH)
|
| Top of the 3rd over - 0 runs, 0 hits, 0 errors, 0 left on base; Pulaski 0 - Great Falls 0 |
| BOTTOM OF THE 3RD |
|
Great Falls Voyagers batting - Pitching for Pulaski Yankees : LHP Arturo Eli
|
|
Batting: LHB Josh Pittman
|
0-0: Ball 1-0: Ball 2-0: Ball 3-0: Called Strike 3-1: Base on Balls
|
|
Batting: SHB Jose Romo
|
0-0: Called Strike 0-1: Swinging Strike 0-2: Strikes out swinging
|
|
Batting: RHB Josh Newby
|
0-0: Called Strike 0-1: Foul Ball, location: 2F 0-2: Fly out, F8 (Flyball, 89D, EV 100.6 MPH)
|
|
Batting: RHB Andy Cotton
|
0-0: Foul Ball, location: 2F 0-1: Called Strike 0-2: Ball 1-2: Strikes out swinging
|
| Bottom of the 3rd over - 0 runs, 0 hits, 0 errors, 1 left on base; Pulaski 0 - Great Falls 0 |
| TOP OF THE 4TH |
|
Pulaski Yankees batting - Pitching for Great Falls Voyagers : RHP Brent White
|
|
Batting: LHB Joel Vera
|
0-0: SINGLE (Groundball, 4MD, EV 103.1 MPH)
|
|
Batting: LHB Dan Morris
|
0-0: Called Strike Joel Vera steals 2nd base 0-1: Swinging Strike 0-2: Ball 1-2: Strikes out swinging
|
|
Batting: RHB Bobby Melillo
|
0-0: Ball Joel Vera steals 3rd base 1-0: Called Strike 1-1: Ground out 5-3 (Groundball, 56S, EV 84.4 MPH)
|
|
Batting: RHB Mike Gifford
|
0-0: Ball 1-0: Swinging Strike 1-1: Swinging Strike 1-2: Ball 2-2: Foul Ball, location: 2F 2-2: Ball 3-2: SINGLE (Line Drive, 7LS, EV 93.8 MPH) Joel Vera scores
|
|
Batting: RHB Seth Rutz
|
0-0: Ball 1-0: Called Strike Mike Gifford steals 2nd base 1-1: Foul Ball, location: 2F 1-2: Ball 2-2: Reached on error, E5 (Groundball, 56S, EV 83.8 MPH) Mike Gifford to third
|
|
Batting: SHB Victor Ruiz
|
0-0: Ball 1-0: Ball 2-0: Called Strike 2-1: Foul Ball, location: 2F 2-2: Fly out, F9 (Flyball, 9S, EV 93.1 MPH)
|
| Top of the 4th over - 1 run, 2 hits, 1 error, 2 left on base; Pulaski 1 - Great Falls 0 |
| BOTTOM OF THE 4TH |
|
Great Falls Voyagers batting - Pitching for Pulaski Yankees : LHP Arturo Eli
|
|
Batting: RHB Vic Lucatero
|
0-0: Ball 1-0: Ball 2-0: Ground out 6-3 (Groundball, 56, EV 85.0 MPH)
|
|
Batting: LHB Carlos Ramirez
|
0-0: Called Strike 0-1: Called Strike 0-2: Foul Ball, location: 2F 0-2: Ball 1-2: Foul Ball, location: 2F 1-2: Ball 2-2: Strikes out swinging
|
|
Batting: LHB Jose Duran
|
0-0: Called Strike 0-1: Ground out 4-3 (Groundball, 4M, EV 84.4 MPH)
|
| Bottom of the 4th over - 0 runs, 0 hits, 0 errors, 0 left on base; Pulaski 1 - Great Falls 0 |
| TOP OF THE 5TH |
|
Pulaski Yankees batting - Pitching for Great Falls Voyagers : RHP Brent White
|
|
Batting: RHB Johannes Gutermuth
|
0-0: Ball 1-0: Called Strike 1-1: Foul Ball, location: 2F 1-2: SINGLE (Flyball, 8RS, EV 95.6 MPH)
|
|
Batting: SHB Joe Fure
|
0-0: Ball 1-0: Called Strike 1-1: Ball 2-1: Fielders Choice at 2nd, 5-4 (Groundball, 56S, EV 81.3 MPH)
|
|
Batting: RHB Roberto Tena
|
0-0: Swinging Strike 0-1: Foul Ball, location: 2F 0-2: Ball 1-2: Grounds into double play, 4-6-3 (Groundball, 4S, EV 82.5 MPH)
|
| Top of the 5th over - 0 runs, 1 hit, 0 errors, 0 left on base; Pulaski 1 - Great Falls 0 |
| BOTTOM OF THE 5TH |
|
Great Falls Voyagers batting - Pitching for Pulaski Yankees : LHP Arturo Eli
|
|
Batting: RHB Tommy Ellington
|
0-0: Called Strike 0-1: Ball 1-1: Ball 2-1: Ball 3-1: Base on Balls
|
|
Batting: SHB Matt Childers
|
0-0: Fly out, F9 (Flyball, 8RS, EV 87.5 MPH)
|
|
Batting: LHB Josh Pittman
|
0-0: Called Strike 0-1: Grounds into double play, 6-4-3 (Groundball, 6, EV 83.8 MPH)
|
| Bottom of the 5th over - 0 runs, 0 hits, 0 errors, 0 left on base; Pulaski 1 - Great Falls 0 |
| TOP OF THE 6TH |
|
Pulaski Yankees batting - Pitching for Great Falls Voyagers : RHP Brent White
|
|
Batting: LHB Joel Vera
|
0-0: Ball 1-0: Ball 2-0: Foul Ball, location: 2F 2-1: Ball 3-1: SINGLE (Groundball, 4, EV 95.6 MPH)
|
|
Batting: LHB Dan Morris
|
0-0: Ball 1-0: Ball Joel Vera steals 2nd base 2-0: Called Strike 2-1: Swinging Strike 2-2: Foul Ball, location: 2F 2-2: Foul Ball, location: 2F 2-2: Strikes out looking
|
|
Pitching: RHP Brian Wesolek
|
|
|
Batting: RHB Bobby Melillo
|
0-0: Foul Ball, location: 2F 0-1: Ball 1-1: Called Strike 1-2: SINGLE (Line Drive, 8LS, EV 95.6 MPH) Joel Vera to third Runner from 3rd tries for Home, throw by CF and OUT! 8-2
|
|
Batting: RHB Mike Gifford
|
0-0: Ball Bobby Melillo is caught stealing 2nd base 2-4
|
| Top of the 6th over - 0 runs, 2 hits, 0 errors, 0 left on base; Pulaski 1 - Great Falls 0 |
| BOTTOM OF THE 6TH |
|
Great Falls Voyagers batting - Pitching for Pulaski Yankees : LHP Arturo Eli
|
|
Batting: SHB Jose Romo
|
0-0: Swinging Strike 0-1: Ball 1-1: Ground out 4-3 (Groundball, 4M, EV 83.8 MPH)
|
|
Batting: RHB Josh Newby
|
0-0: Ball 1-0: Ball 2-0: Ball 3-0: Called Strike 3-1: Called Strike 3-2: Foul Ball, location: 2F 3-2: SINGLE (Groundball, 6D, EV 94.4 MPH)
|
|
Batting: RHB Andy Cotton
|
0-0: Called Strike 0-1: Foul Ball, location: 2F 0-2: Foul Ball, location: 2F 0-2: Ball 1-2: Ball 2-2: Ball 3-2: SINGLE (Groundball, 6, EV 108.1 MPH) Josh Newby to second Josh Newby to third
|
|
Pitching: RHP Jake Visconti
|
|
|
Batting: RHB Vic Lucatero
|
0-0: Ball 1-0: Foul Ball, location: 2F 1-1: Ball 2-1: Called Strike Andy Cotton steals 2nd, throwing error, E2 Josh Newby scores Andy Cotton to third 2-2: SINGLE (Line Drive, 89S, EV 94.4 MPH) Andy Cotton scores
|
|
Batting: LHB Carlos Ramirez
|
0-0: Called Strike 0-1: Foul Ball, location: 2F 0-2: Strikes out swinging
|
|
Batting: LHB Jose Duran
|
0-0: Ball 1-0: Ball 2-0: Foul Ball, location: 2F 2-1: Fielders Choice at 2nd, 6-4 (Groundball, 6, EV 111.9 MPH)
|
| Bottom of the 6th over - 2 runs, 3 hits, 1 error, 1 left on base; Pulaski 1 - Great Falls 2 |
| TOP OF THE 7TH |
|
Pulaski Yankees batting - Pitching for Great Falls Voyagers : RHP Brian Wesolek
|
|
Batting: RHB Mike Gifford
|
0-0: Ball 1-0: Ball 2-0: Ball 3-0: Called Strike 3-1: Base on Balls
|
|
Batting: RHB Seth Rutz
|
0-0: Foul Ball, location: 2F 0-1: Ball Mike Gifford steals 2nd base 1-1: Ball 2-1: Foul Ball, location: 2F 2-2: Ball 3-2: Ground out 4-3 (Groundball, 4, EV 88.1 MPH) Mike Gifford to third
|
|
Batting: SHB Victor Ruiz
|
0-0: Ball 1-0: Called Strike 1-1: Ground out 4-3 (Groundball, 4, EV 85.6 MPH)
|
|
Batting: RHB Johannes Gutermuth
|
0-0: Ball 1-0: DOUBLE (Flyball, 8RXD, EV 100.6 MPH) Mike Gifford scores
|
|
Batting: SHB Joe Fure
|
0-0: Called Strike 0-1: Ball 1-1: Ball 2-1: Ball 3-1: Foul Ball, location: 2F 3-2: Base on Balls
|
|
Batting: RHB Roberto Tena
|
0-0: Swinging Strike 0-1: Ball 1-1: Foul Ball, location: 2F 1-2: Fielders Choice at 2nd, 6-4 (Groundball, 6, EV 80.0 MPH)
|
| Top of the 7th over - 1 run, 1 hit, 0 errors, 2 left on base; Pulaski 2 - Great Falls 2 |
| BOTTOM OF THE 7TH |
|
Great Falls Voyagers batting - Pitching for Pulaski Yankees : RHP Jake Visconti
|
|
Batting: RHB Tommy Ellington
|
0-0: Ball 1-0: Called Strike 1-1: Swinging Strike 1-2: Strikes out swinging
|
|
Batting: SHB Matt Childers
|
0-0: Foul Ball, location: 2F 0-1: SINGLE (Groundball, 25, EV 60.6 MPH) (infield hit)
|
|
Batting: LHB Josh Pittman
|
0-0: DOUBLE (Line Drive, 7LM, EV 92.5 MPH) Matt Childers to third Runner from 3rd tries for Home, throw by LF and OUT! 7-6-2
|
|
Batting: SHB Jose Romo
|
0-0: Called Strike 0-1: Ball 1-1: Ball 2-1: Ball 3-1: Called Strike 3-2: SINGLE (Line Drive, 6MD, EV 97.5 MPH) Josh Pittman to third Runner from 3rd tries for Home, throw by CF and OUT! 8-2
|
| Bottom of the 7th over - 0 runs, 3 hits, 0 errors, 1 left on base; Pulaski 2 - Great Falls 2 |
| TOP OF THE 8TH |
|
Pulaski Yankees batting - Pitching for Great Falls Voyagers : RHP Brian Wesolek
|
|
Pitching: LHP Jose Andujar
|
|
|
Batting: LHB Joel Vera
|
0-0: Called Strike 0-1: Ball 1-1: Ball 2-1: Swinging Strike 2-2: Strikes out looking
|
|
Batting: LHB Dan Morris
|
0-0: Called Strike 0-1: Ball 1-1: Foul Ball, location: 2F 1-2: DOUBLE (Line Drive, 9LM, EV 111.3 MPH)
|
|
Batting: RHB Bobby Melillo
|
0-0: Intentional Walk
|
|
Pitching: RHP Tom Daniels
|
|
|
Batting: RHB Mike Gifford
|
0-0: Called Strike Dan Morris steals 3rd base Bobby Melillo to second 0-1: Ball 1-1: Ball 2-1: Ball 3-1: Base on Balls
|
|
Batting: RHB Seth Rutz
|
0-0: Called Strike 0-1: GRAND SLAM HOME RUN (Flyball, 7LD, EV 92.5 MPH), Distance : 337 ft
|
|
Pitching: RHP Frank Gamez
|
|
|
Batting: SHB Victor Ruiz
|
0-0: Swinging Strike 0-1: Swinging Strike 0-2: Strikes out looking
|
|
Batting: RHB Johannes Gutermuth
|
0-0: DOUBLE (Line Drive, 9LM, EV 88.8 MPH)
|
|
Batting: SHB Joe Fure
|
0-0: Ball 1-0: Foul Ball, location: 2F 1-1: Ball 2-1: Ball 3-1: Called Strike 3-2: Fly out, F9 (Flyball, 9D, EV 86.9 MPH)
|
| Top of the 8th over - 4 runs, 3 hits, 0 errors, 1 left on base; Pulaski 6 - Great Falls 2 |
| BOTTOM OF THE 8TH |
|
Great Falls Voyagers batting - Pitching for Pulaski Yankees : RHP Jake Visconti
|
|
Pitching: RHP Travis Tate
|
|
|
Batting: RHB Josh Newby
|
0-0: Called Strike 0-1: Ball 1-1: Foul Ball, location: 2F 1-2: Ball 2-2: Ball 3-2: Fly out, F8 (Flyball, 89D, EV 91.9 MPH)
|
|
Batting: RHB Andy Cotton
|
0-0: Ball 1-0: Ball 2-0: Ball 3-0: Called Strike 3-1: Called Strike 3-2: Foul Ball, location: 2F 3-2: Foul Ball, location: 2F 3-2: Base on Balls
|
|
Batting: RHB Vic Lucatero
|
0-0: Ball 1-0: Called Strike 1-1: 2-RUN HOME RUN (Flyball, 78XD, EV 103.8 MPH), Distance : 409 ft
|
|
Batting: LHB Carlos Ramirez
|
0-0: Called Strike 0-1: Foul Ball, location: 2F 0-2: Ball 1-2: Ground out 6-3 (Groundball, 6, EV 83.1 MPH)
|
|
Batting: LHB Jose Duran
|
0-0: Called Strike 0-1: Ball 1-1: Fly out, F4 (Flyball, 34D, EV 82.5 MPH)
|
| Bottom of the 8th over - 2 runs, 1 hit, 0 errors, 0 left on base; Pulaski 6 - Great Falls 4 |
| TOP OF THE 9TH |
|
Pulaski Yankees batting - Pitching for Great Falls Voyagers : RHP Frank Gamez
|
|
Batting: RHB Roberto Tena
|
0-0: Ground out 5-3 (Groundball, 56, EV 103.8 MPH)
|
|
Batting: LHB Joel Vera
|
0-0: Called Strike 0-1: Foul Ball, location: 2F 0-2: Ball 1-2: Foul Ball, location: 2F 1-2: Ground out 4-3 (Groundball, 4, EV 82.5 MPH)
|
|
Batting: LHB Dan Morris
|
0-0: Ground out 4-3 (Groundball, 4, EV 76.9 MPH)
|
| Top of the 9th over - 0 runs, 0 hits, 0 errors, 0 left on base; Pulaski 6 - Great Falls 4 |
| BOTTOM OF THE 9TH |
|
Great Falls Voyagers batting - Pitching for Pulaski Yankees : RHP Travis Tate
|
|
Pitching: RHP John Robidoux
|
|
|
Now in LF: Alex Colon
|
|
|
Batting: RHB Tommy Ellington
|
0-0: Hit by Pitch
|
|
Batting: SHB Matt Childers
|
0-0: Ball 1-0: Foul Ball, location: 2F 1-1: Ball 2-1: Foul Ball, location: 2F 2-2: Fly out, F7 (Flyball, 8LM, EV 85.0 MPH)
|
|
Batting: LHB Josh Pittman
|
0-0: Ball 1-0: Called Strike 1-1: Foul Ball, location: 2F 1-2: Foul Ball, location: 2F 1-2: Ball 2-2: Ball 3-2: Fly out, F8 (Flyball, 8RXD, EV 95.6 MPH)
|
|
Batting: SHB Jose Romo
|
0-0: Ball 1-0: Swinging Strike 1-1: Swinging Strike 1-2: Strikes out swinging
|
| Bottom of the 9th over - 0 runs, 0 hits, 0 errors, 1 left on base; Pulaski 6 - Great Falls 4 |
|